AoeStats
← Tyto Alba

MegaRandom

505833995Analyzed
1v1 RM · 20d ago on Sep 11, 2026· 46m 13s· 2 players
Game mode
Random Map
Map size
Tiny (2 player)
Population
200
Speed
Normal
Resources
Standard
Victory
Conquest
Starting age
Dark Age
Ending age
Imperial Age
RankedLock teamsTeams togetherTeam positionsShared explorationLock speedFull tech treeHidden civsTurbo modeCheats
Victory
Defeat
🇹🇷 Koreans · Türkiye
1063
+16
🇩🇪 Magyars · Germany
1063
-16
Tyto Alba
0:32 Loom
10:59 Feudal Age
12:39 Man-at-Arms
13:50 Gold Mining
14:02 Double-Bit Axe
15:38 Arson
17:54 Fletching
20:47 Horse Collar
24:19 Castle Age
23:24 Padded Archer Armor
26:07 Bodkin Arrow
26:30 Leather Archer Armor
28:04 Gold Shaft Mining
30:53 Light Cavalry
35:27 Scale Barding Armor
36:44 Bloodlines
36:35 Husbandry
38:57 Chain Barding Armor
44:14 Wheelbarrow
43:49 Town Watch
48:46 Imperial Age
Kebabs&Roses
0:31 Loom
11:07 Feudal Age
17:44 Castle Age
17:44 Double-Bit Axe
17:48 Crossbowman
18:46 Fletching
20:11 Bodkin Arrow
20:13 Horse Collar
27:09 Bow Saw
26:46 Elite Skirmisher
27:31 Gold Mining
28:49 Gold Shaft Mining
30:21 Ballistics
36:03 Imperial Age
37:16 Wheelbarrow
36:27 Town Watch
37:09 Bracer
38:43 Chemistry
38:04 Conscription
39:22 Squires
39:08 Arson
39:25 Scale Mail Armor
39:35 Forging
39:52 Gambesons
42:15 Eupseong
42:13 Elite Fire Lancer
43:26 Chain Mail Armor
43:21 Forging
43:33 Hand Cart
43:20 Town Patrol
45:10 Plate Mail Armor
45:51 Two-Man Saw
44:53 Heavy Plow
45:32 Gold Shaft Mining
44:47 Stone Mining
45:30 Thumb Ring
Connection lost

Rejoining the realm…

Still unreachable

The connection could not be restored.

Session expired

The server has moved on; the page needs a fresh start.